 Dungeon Crawl Stone Soup version 0.25-a0-424-g80bd347ae0 (webtiles) character file.

Game seed: 11299828082421093584, levelgen mode: deterministic

8055 Hasart the Basher (level 11, -5/69 HPs)
             Began as a Gargoyle Fighter on Jan 22, 2020.
             Was an Initiate of Gozag.
             Slain by a two-headed ogre
             ... wielding a +0 giant club
              (9 damage)
             ... on level 10 of the Dungeon on Feb 2, 2020.
             The game lasted 00:29:34 (9092 turns).

Hasart the Basher (Gargoyle Fighter)                Turns: 9092, Time: 00:29:35

Health: -5/69      AC: 17    Str: 21    XL:     11   Next: 24%
Magic:  12/12      EV:  8    Int: 10    God:    Gozag
Gold:   1212       SH: 11    Dex: 10    Spells: 10/10 levels left

rFire    . . .     SeeInvis .   D - +2 mace (vorpal)
rCold    . . .     Gourm    .   c - +0 shield
rNeg     + . .     Faith    .   b - +0 scale mail
rPois    ∞         Spirit   .   (no helmet)
rElec    +         Reflect  .   (no cloak)
rCorr    .         Harm     .   (no gloves)
MR       ++...                  o - +0 pair of boots
Stlth    ..........             C - amulet of rage
HPRegen  0.21/turn              y - ring of protection from magic
MPRegen  0.13/turn              B - ring of protection from magic

@: no status effects
A: negative energy resistance 1, electricity resistance, unbreathing,
petrification resistance, rot immunity, AC +8
a: Potion Petition, Call Merchant, Bribe Branch, Renounce Religion, Evoke
Berserk Rage


You were on level 10 of the Dungeon.
You worshipped Gozag.
Gozag was most pleased with you.
You were not hungry.

You visited 2 branches of the dungeon, and saw 11 of its levels.

You collected 1306 gold pieces.
You paid 94 gold pieces to Gozag.

Inventory:

Hand Weapons
 r - a +0 morningstar
 D - a +2 vorpal mace (weapon)
Missiles
 u - 10 poisoned darts (quivered)
 z - 6 silver javelins
Armour
 b - a +0 scale mail (worn)
 c - a +0 shield (worn)
 o - a +0 pair of boots (worn)
Jewellery
 h - an uncursed ring of ice
 y - a ring of protection from magic (left hand)
 B - a ring of protection from magic (right hand)
 C - an amulet of rage (around neck)
Wands
 A - a wand of scattershot (8)
 F - a wand of iceblast (4)
Scrolls
 a - 3 scrolls of summoning {unknown}
 g - 13 scrolls of identify {unknown}
 k - 8 scrolls of remove curse {unknown}
 m - 5 scrolls of amnesia {unknown}
 n - 6 scrolls of teleportation {unknown}
 q - 4 scrolls of random uselessness {unknown}
 t - 4 scrolls of immolation {unknown}
 x - 3 scrolls of enchant weapon {unknown}
 E - 2 scrolls of fog {unknown}
Potions
 d - 2 potions of might
 e - 2 potions of agility {unknown}
 i - a potion of degeneration {unknown}
 j - a potion of brilliance {unknown}
 l - 4 potions of curing
 p - 5 potions of haste {unknown}
 s - a potion of invisibility {unknown}
 v - 5 potions of flight {unknown}
 w - 3 potions of ambrosia {unknown}
Comestibles
 f - 22 rations


   Skills:
 + Level 8.4 Fighting
 * Level 10.2 Maces & Flails
 + Level 5.0 Throwing
 + Level 8.5 Armour
 + Level 8.5 Shields
 + Level 2.3 Evocations


You had 10 spell levels left.
You didn't know any spells.
Your spell library contained the following spells:

 Spells                   Type           Power        Failure   Level  Hunger
 Magic Dart               Conj           #...         91%         1    ##.....
 Blink                    Tloc           N/A          97%         2    ###....
 Call Imp                 Summ           #.......     97%         2    ###....
 Slow                     Hex            #.......     97%         2    ###....
 Confusing Touch          Hex            #.......     99%         3    ####...
 Conjure Flame            Conj/Fire      #.......     99%         3    ####...
 Gell's Gravitas          Tloc           #.........   99%         3    ####...
 Mephitic Cloud           Conj/Pois/Air  #.......     99%         3    ####...
 Petrify                  Tmut/Erth      #.......     100%        4    #####..
 Metabolic Englaciation   Hex/Ice        #.........   100%        5    ######.
 Yara's Violent Unravell  Hex/Tmut       #.........   100%        5    ######.


Dungeon Overview and Level Annotations

Branches:
Dungeon (10/15)            Temple (1/1) D:6             Orc (0/2) D:9
   Lair: D:8-11

Altars:
Ashenzari
Cheibriados
Dithmenos
Elyvilon
Fedhas
Gozag
Hepliaklqana
Kikubaaqudgha
Makhleb
Nemelex Xobeh
Okawaru
Qazlal
Ru
Sif Muna
Trog
Uskayaw
Vehumet
Wu Jian
Xom
Yredelemnul
Zin
The Shining One

Shops:
D:4 %

Annotations:
D:8 2 transporters, LostGamesStreakFreak's ghost, novice TrMo
D:9 2 transporters, Esekla's ghost, novice HuAE


Innate Abilities, Weirdness & Mutations

You are resistant to torment.
Your stone body is resilient. (AC +8)
You are immune to poison.
You resist negative energy. (rN+)
You are resistant to electric shocks. (rElec)
You can survive without breathing.
You are immune to petrification.
You are immune to rotting.


Message History

You block the two-headed ogre's attack. x2
The two-headed ogre hits you with a +0 giant club!
The two-headed ogre barely misses you. The two-headed ogre closely misses you.
The two-headed ogre hits you with a +0 giant club!
You block the two-headed ogre's attack. The two-headed ogre closely misses you.
The two-headed ogre hits you with a +0 giant club.
The two-headed ogre closely misses you. You block the two-headed ogre's attack.
The two-headed ogre hits you but does no damage.
You block the two-headed ogre's attack. x2
The two-headed ogre hits you with a +0 giant club!!
* * * LOW HITPOINT WARNING * * *
The two-headed ogre closely misses you.
The two-headed ogre hits you with a +0 giant club!
* * * LOW HITPOINT WARNING * * *
The two-headed ogre completely misses you.
The two-headed ogre hits you with a +0 giant club!
You die...
Your body crumbles into a pile of gold.

##.## 8.##.##
##.####.####.##
#..#.#.#.#.#..#
#.#.⌠.###.⌠.#..
#..#.#.#.#.#
##..#)#.#.# $
#.###.⌠.# ...
#.#O##
#...#.#.#@#
....#.♣.###.⌠.#
####..#.#
#.#..# ##.## ##
# #


You could see a two-headed ogre.

Vanquished Creatures
  A hydra (D:9)
  A two-headed ogre (D:8)
  Pikel (D:4)
  Joseph (D:9)
  Grinder (D:5)
  2 dream sheep (D:9)
  A wyvern (D:9)
  A hungry ghost (D:7)
  2 yaks (D:9)
  An ice beast (D:7)
  5 orc warriors
  2 sky beasts
  2 black bears
  4 ogres
  4 phantoms
  3 centaurs
  Blork the orc (D:4)
  3 big kobolds (D:9)
  13 bullfrogs
  3 scorpions
  3 killer bees (D:8)
  3 vampire bats (D:2)
  6 howler monkeys (D:9)
  3 crimson imps
  A quasit (D:6)
  A bullfrog zombie (D:6)
  A centaur skeleton (D:7)
  2 jellies
  4 orc priests
  7 hounds
  Terence (D:2)
  2 bullfrog skeletons
  An iguana (D:9)
  5 orc wizards
  6 worker ants
  2 hound skeletons (D:8)
  A howler monkey zombie (D:9)
  A worker ant zombie (D:5)
  9 adders
  4 gnolls (D:7)
  2 shadow imps
  An ooze (D:5)
  5 worms
  3 dart slugs
  5 leopard geckos
  23 orcs
  4 bat skeletons (D:2)
  A bat zombie (D:2)
  8 giant cockroaches
  8 hobgoblins
  9 jackals
  4 quokkas
  4 ball pythons
  11 bats
  5 frilled lizards
  9 goblins
  9 kobolds
  2 quokka skeletons
  6 rats
234 creatures vanquished.

Notes
Turn   | Place    | Note
-------+----------+-------------------------------------------
     0 | D:1      | Hasart the Gargoyle Fighter began the quest for the Orb.
     0 | D:1      | Reached XP level 1. HP: 14/14 MP: 1/1
   207 | D:1      | Reached XP level 2. HP: 19/19 MP: 2/2
   826 | D:2      | Reached XP level 3. HP: 21/23 MP: 3/3
  1023 | D:2      | Reached skill level 3 in Maces & Flails
  1067 | D:2      | Reached XP level 4. HP: 25/29 MP: 4/4
  1153 | D:2      | Noticed Terence
  1161 | D:2      | Killed Terence
  1263 | D:2      | Found an ancient bone altar of Kikubaaqudgha.
  1268 | D:2      | Reached XP level 5. HP: 32/33 MP: 5/5
  1686 | D:2      | Reached skill level 4 in Maces & Flails
  1802 | D:3      | Reached XP level 6. HP: 39/39 MP: 6/6
  2489 | D:4      | Reached XP level 7. HP: 41/44 MP: 7/7
  2539 | D:4      | Noticed Pikel
  2577 | D:4      | Killed Pikel
  2577 | D:4      | Reached skill level 5 in Fighting
  2577 | D:4      | Reached skill level 6 in Maces & Flails
  2577 | D:4      | Reached skill level 5 in Armour
  2577 | D:4      | Reached skill level 5 in Shields
  2577 | D:4      | Reached XP level 8. HP: 40/50 MP: 8/8
  2696 | D:4      | Noticed Blork the orc
  2708 | D:4      | Killed Blork the orc
  3211 | D:4      | Found Myecade's Food Boutique.
  3247 | D:5      | Entered Level 5 of the Dungeon
  3286 | D:5      | Reached skill level 1 in Throwing
  3510 | D:5      | Noticed Grinder
  3515 | D:5      | Paralysed by Grinder for 7 turns
  3535 | D:5      | Paralysed by Grinder for 3 turns
  3554 | D:5      | Paralysed by Grinder for 6 turns
  3564 | D:5      | Killed Grinder
  3759 | D:5      | Reached skill level 7 in Maces & Flails
  3856 | D:5      | Reached XP level 9. HP: 55/55 MP: 9/9
  4015 | D:5      | Found a bloodstained altar of Trog.
  4777 | D:6      | Found a staircase to the Ecumenical Temple.
  4804 | Temple   | Entered the Ecumenical Temple
  4954 | Temple   | Became a worshipper of Gozag Ym Sagoz the Greedy
  5672 | D:6      | Reached skill level 8 in Maces & Flails
  6268 | D:7      | Reached XP level 10. HP: 52/63 MP: 10/10
  6741 | D:7      | Found a white marble altar of Elyvilon.
  6741 | D:7      | Found a sparkling altar of Nemelex Xobeh.
  6892 | D:7      | Found a snail-covered altar of Cheibriados.
  6933 | D:8      | Found a transporter.
  6933 | D:8      | Found a transporter.
  6933 | D:8      | Noticed LostGamesStreakFreak's ghost (novice TrMo)
  6933 | D:8      | Noticed a centaur warrior
  7002 | D:8      | Noticed a two-headed ogre
  7016 | D:8      | Killed a two-headed ogre
  7016 | D:8      | Reached skill level 9 in Maces & Flails
  7574 | D:8      | Found a glowing silver altar of Zin.
  7574 | D:8      | Found a burning altar of Makhleb.
  7575 | D:8      | Noticed a balrug
  7575 | D:8      | Noticed an angel
  7935 | D:9      | Reached skill level 1 in Evocations
  7971 | D:9      | Noticed Esekla's ghost (novice HuAE)
  7974 | D:9      | Noticed a kobold demonologist
  7979 | D:9      | Found a transporter.
  7982 | D:9      | Found a transporter.
  8035 | D:9      | Noticed Joseph
  8053 | D:9      | Killed Joseph
  8266 | D:9      | Found a bloodstained altar of Trog.
  8304 | D:9      | Reached XP level 11. HP: 57/68 MP: 12/12
  8361 | D:9      | Found a staircase to the Orcish Mines.
  8486 | D:9      | Found a radiant altar of Vehumet.
  8601 | D:9      | Reached skill level 10 in Maces & Flails
  8651 | D:9      | Noticed a three-headed hydra
  8676 | D:9      | Killed a three-headed hydra
  8676 | D:9      | Reached skill level 5 in Throwing
  8991 | D:10     | Entered Level 10 of the Dungeon
  9076 | D:10     | Noticed a two-headed ogre
  9091 | D:10     | HP: 3/69 [two-headed ogre/+0 giant club (16)]
  9092 | D:10     | Slain by a two-headed ogre

Levels and vault maps discovered:
D:1:      minmay_arrival_semitransparent, layout_basic, kennysheep_nondescript
D:2:      layout_basic, kennysheep_vampire_church, first_ration, uniq_terence
D:3:      layout_rooms
D:4:      layout_loops_ring, serial_shops, shop, minmay_crystal_water,
          uniq_pikel, uniq_blork_the_orc
D:5:      layout_loops_corners, trog_hazing_becter, uniq_grinder
D:6:      layout_rooms, minmay_temple_entry_statues_fountains
D:7:      layout_basic, cheibrodos_worm_habitat, gammafunk_temple_overflow_wave
D:8:      layout_rooms, grunt_temple_overflow_order_and_chaos_2,
          gammafunk_ghost_arena
D:9:      layout_roguey, kennysheep_little_box, orc_0_dummy,
          gammafunk_ghost_arena, hangedman_ranch [blue_anna_fruit_fields],
          lemuel_tele_altar, uniq_joseph
D:10:     layout_loops_ring, erik_lair_orcish_takeover,
          grunt_decor_mini_mirrors, uniq_maurice
Temple:   eino_wide_crystal_templ

Skill      XL: |  1  2  3  4  5  6  7  8  9 10 11 |
---------------+----------------------------------+-----
Maces & Flails | 3 4 6 7 8 9 10 | 10.2
Fighting       | 4 5 6 7 8 |  8.4
Armour         | 4 5 6 7 8 |  8.5
Shields        | 4 5 6 7 8 |  8.5
Throwing       | 2 3 4 5 |  5.0
Evocations     | 1 2 |  2.3

Action                   |  1- 3 |  4- 6 |  7- 9 | 10-12 || total
-------------------------+-------+-------+-------+-------++-------
Melee: Flail             |   109 |   210 |   285 |       ||   604
       Morningstar       |       |       |   199 |    70 ||   269
       Mace              |       |       |       |   368 ||   368
Throw: Dart              |       |       |    16 |     6 ||    22
       Javelin           |       |       |     3 |     1 ||     4
Invok: Potion Petition   |       |       |       |     1 ||     1
  Use: Potion            |       |       |       |     2 ||     2
  Eat: Chunk             |     1 |     5 |     8 |       ||    14
       Ration            |       |       |     2 |     3 ||     5
Armor: Scale mail        |    76 |   176 |   299 |   166 ||   717
Dodge: Dodged            |    28 |    82 |   177 |   117 ||   404
Block: Shield            |    70 |   172 |   277 |   225 ||   744

Table legend:
 A = Non-vault XP
 B = Vault XP
 C = Vault XP percentage of total XP
 D = Non-vault monster count
 E = Vault monster count
 F = Vault count percentage of total count
                 A         B        C        D         E       F
            +---------+---------+-------+---------+---------+-------
      Total |    7651 |    3857 |  33.5 |     206 |      28 |  12.0
            +---------+---------+-------+---------+---------+-------
        D:1 |      29 |       0 |   0.0 |      15 |       0 |   0.0
        D:2 |      73 |     212 |  74.4 |      22 |       9 |  29.0
        D:3 |     182 |       0 |   0.0 |      31 |       0 |   0.0
        D:4 |     347 |     785 |  69.3 |      18 |       2 |  10.0
        D:5 |     687 |     312 |  31.2 |      14 |       7 |  33.3
        D:6 |    1094 |       0 |   0.0 |      18 |       0 |   0.0
        D:7 |    1598 |       5 |   0.3 |      32 |       1 |   3.0
        D:8 |    1902 |       0 |   0.0 |      26 |       0 |   0.0
        D:9 |    1693 |    2543 |  60.0 |      29 |       9 |  23.7
       D:10 |      46 |       0 |   0.0 |       1 |       0 |   0.0
            +---------+---------+-------+---------+---------+-------
